 Dungeon Crawl Stone Soup version 0.25-a0-842-g81a31cf (webtiles) character file.

Game seed: 92734586578564589, levelgen mode: deterministic

6178 Illumine the Chiller (level 10, -1/59 HPs)
             Began as a Gargoyle Ice Elementalist on Apr 23, 2020.
             Was an Elder of Vehumet.
             Splashed by a brown ugly thing's acid (8 damage)
             ... on level 11 of the Dungeon.
             The game lasted 00:30:02 (9462 turns).

Illumine the Chiller (Gargoyle Ice Elementalist)    Turns: 9462, Time: 00:30:03

Health: -1/59      AC: 22    Str: 11    XL:     10   Next: 91%
Magic:  13/19      EV: 13    Int: 23    God:    Vehumet [****..]
Gold:   425        SH:  0    Dex: 10    Spells: 3/21 levels left

rFire    . . .     SeeInvis +   D - +6 flail "Belasutu" {elec, Int+3 SInv}
rCold    + . .     Gourm    .   (no shield)
rNeg     + . .     Faith    .   B - +0 leather armour {rF+}
rPois    ∞         Spirit   .   p - +0 helmet
rElec    +         Reflect  .   C - +2 cloak
rCorr    .         Harm     .   (no gloves)
MR       .....                  (no boots)
Stlth    ++........             (no amulet)
HPRegen  0.19/turn              m - ring of ice
MPRegen  0.16/turn              o - +3 ring of protection

@: icy armour, corroded, frozen ramparts, very slightly contaminated
A: negative energy resistance 1, electricity resistance, unbreathing,
petrification resistance, rot immunity, AC +7
a: Renounce Religion


You were on level 11 of the Dungeon.
You worshipped Vehumet.
Vehumet was greatly pleased with you.
You were not hungry.

You visited 2 branches of the dungeon, and saw 12 of its levels.

You collected 425 gold pieces.

Inventory:

Hand Weapons
 h - a +0 hunting sling
 i - a +0 flail of venom
 u - the +9 dagger of Abuse {vorpal, Fragile rF+ rC+ Int+2}
   (You found it on level 4 of the Dungeon)

   It inflicts extra damage upon your enemies.
   It affects your intelligence (+2).
   It protects you from fire.
   It protects you from cold.
   It will be destroyed if unequipped.
 v - a +0 short sword
 w - a +1 vampiric halberd
 y - a +6 antimagic quarterstaff
 D - the +6 flail "Belasutu" (weapon) {elec, Int+3 SInv}
   (You found it on level 7 of the Dungeon)

   Occasionally, upon striking a foe, it will discharge some electrical energy
   and cause terrible harm.
   It affects your intelligence (+3).
   It lets you see invisible.
Missiles
 f - 7 boomerangs (quivered)
Armour
 p - a +0 helmet (worn)
 B - a +0 leather armour of fire resistance (worn)
 C - a +2 cloak (worn)
 F - a cursed +0 tower shield
Jewellery
 m - a ring of ice (left hand)
 o - a +3 ring of protection (right hand)
Scrolls
 e - 8 scrolls of teleportation
 l - 3 scrolls of amnesia
 n - 2 scrolls of random uselessness {unknown}
 r - a scroll of fog {unknown}
 s - a scroll of fear {unknown}
 x - 6 scrolls of remove curse
 G - a scroll of enchant weapon {unknown}
 H - 2 scrolls of blinking
 K - 2 scrolls of identify
 L - 2 scrolls of noise {unknown}
Potions
 a - 4 potions of mutation
 b - a potion of heal wounds
 d - 6 potions of curing
 g - 6 potions of haste
 j - a potion of stabbing {unknown}
 k - 4 potions of flight {unknown}
 q - a potion of berserk rage {unknown}
 t - a potion of degeneration {unknown}
 z - 4 potions of brilliance {unknown}
 A - 2 potions of lignification {unknown}
 E - 2 potions of invisibility {unknown}
 J - a potion of magic {unknown}
Comestibles
 c - 17 rations


   Skills:
 + Level 5.3 Fighting
 + Level 3.6 Maces & Flails
 - Level 2.5 Polearms
 + Level 5.2 Armour
 + Level 4.3 Dodging
 - Level 2.1 Stealth
 + Level 2.9 Shields
 + Level 6.3 Spellcasting
 + Level 4.0 Conjurations
 - Level 2.1 Charms
 + Level 5.0 Summonings
 + Level 7.8 Ice Magic
 + Level 3.2 Earth Magic


You had 3 spell levels left.
You knew the following spells:

 Your Spells              Type           Power        Failure   Level  Hunger
a - Freeze                Ice            ####         1%          1    None
b - Frozen Ramparts       Ice            ######       1%          3    #......
c - Ozocubu's Armour      Chrm/Ice       #####...     4%          3    #......
d - Summon Ice Beast      Ice/Summ       ######..     8%          4    ###....
e - Hailstorm             Conj/Ice       ######..     2%          4    ###....
f - Stone Arrow           Conj/Erth      ###...       1%          3    #......

Your spell library contained the following spells:

 Spells                   Type           Power        Failure   Level  Hunger
 Fulminant Prism          Conj/Hex       ###.......   12%         4    ###....


Dungeon Overview and Level Annotations

Branches:
Dungeon (11/15)            Temple (1/1) D:4
   Lair: D:8-11         Orc: D:9-12

Altars:
Ashenzari
Dithmenos
Fedhas
Gozag
Hepliaklqana
Kikubaaqudgha
Nemelex Xobeh
Okawaru
Ru
Sif Muna
Trog
Vehumet
Wu Jian
Yredelemnul
The Shining One

Annotations:
D:9 Vault


Innate Abilities, Weirdness & Mutations

You are resistant to torment.
Your stone body is resilient. (AC +7)
You are immune to poison.
You resist negative energy. (rN+)
You are resistant to electric shocks. (rElec)
You can survive without breathing.
You are immune to petrification.
You are immune to rotting.


Message History

An ogre comes into view. It is wielding a +0 giant spiked club.
The worker ant barely misses you.
You completely miss the brown ugly thing.
The brown ugly thing is heavily wounded.
The worker ant bites you but does no damage.
The wall freezes the brown ugly thing.
The brown ugly thing bites you!
You are splashed with acid!
* * * LOW HITPOINT WARNING * * *
The worker ant closely misses you.
You hit the brown ugly thing.
The brown ugly thing is severely wounded.
The wall freezes the brown ugly thing.
The brown ugly thing barely misses you.
The worker ant bites you but does no damage.
You sock the brown ugly thing!
The brown ugly thing is severely wounded.
The worker ant closely misses you.
The wall freezes the brown ugly thing!
The brown ugly thing bites you!
* * * LOW HITPOINT WARNING * * *
The acid corrodes you!
You are splashed with acid!
You die...

.....##########
............%.#
...........)...
...............
...............
...........(...
...............#
#..######.#####
##....u@aO.....
#..#####.#####
#..# # ##.## ..
#..# #.# #..##
#.# #...###.##
#.#.##...#
#........#


You could see a brown ugly thing, an ogre and a worker ant.

Vanquished Creatures
  A queen ant (D:10)
  Joseph (D:8)
  3 hornets
  Sigmund (D:6)
  2 hungry ghosts (D:10)
  A soldier ant (D:10)
  2 water moccasins
  An orc warrior (D:10)
  An ice beast (D:10)
  2 sky beasts
  3 black bears
  3 ogres
  A phantom (D:9)
  3 centaurs
  3 big kobolds
  5 bullfrogs
  A wyvern zombie (D:10)
  Blork the orc (D:4)
  A water moccasin zombie (D:8)
  2 scorpions
  6 killer bees (D:7)
  4 wights (D:10)
  2 crimson imps
  A howler monkey (D:11)
  A bullfrog zombie (D:8)
  2 orc priests
  4 hounds
  A jelly (D:6)
  Crazy Yiuf (D:6)
  5 bullfrog skeletons
  2 centaur skeletons
  2 gnoll shamans
  3 orc wizards
  An iguana (D:10)
  11 worker ants
  A hound zombie (D:8)
  2 howler monkey zombies
  A worker ant zombie (D:6)
  12 adders
  8 gnolls
  3 shadow imps
  An ooze (D:1)
  3 adder skeletons
  An adder zombie (D:5)
  3 worms
  5 dart slugs
  5 leopard geckos
  24 orcs
  4 ball pythons
  6 bats
  7 giant cockroaches
  9 goblins
  10 hobgoblins
  8 jackals
  20 kobolds
  3 quokkas
  8 frilled lizards
  A leopard gecko zombie (D:5)
  10 rats
239 creatures vanquished.

Notes
Turn   | Place    | Note
-------+----------+-------------------------------------------
     0 | D:1      | Illumine the Gargoyle Ice Elementalist began the quest for
                  | the Orb.
     0 | D:1      | Reached XP level 1. HP: 10/10 MP: 3/3
   212 | D:1      | Reached XP level 2. HP: 15/15 MP: 3/5
   603 | D:1      | Reached XP level 3. HP: 15/19 MP: 2/6
   660 | D:1      | Learned a level 3 spell: Frozen Ramparts
   664 | D:1      | Learned a level 3 spell: Ozocubu's Armour
  1223 | D:2      | Reached XP level 4. HP: 24/24 MP: 3/8
  1277 | D:2      | Found a shadowy altar of Dithmenos.
  1281 | D:2      | Reached skill level 1 in Charms
  1570 | D:3      | You fall into a shaft and drop 1 floor!
  1751 | D:3      | Noticed a bullfrog
  1786 | D:3      | Killed a bullfrog
  1786 | D:3      | Reached skill level 5 in Ice Magic
  1786 | D:3      | Reached XP level 5. HP: 28/28 MP: 5/10
  2006 | D:3      | Learned a level 4 spell: Summon Ice Beast
  2350 | D:3      | Found an ornate altar of the Wu Jian Council.
  2431 | D:3      | You fall into a shaft and drop 3 floors!
  2432 | D:6      | Noticed Sigmund
  2435 | D:6      | Noticed a sky beast
  2442 | D:6      | Killed a sky beast
  2442 | D:6      | Reached skill level 1 in Summonings
  2442 | D:6      | Reached XP level 6. HP: 32/32 MP: 7/11
  2678 | D:5      | Entered Level 5 of the Dungeon
  2684 | D:4      | Noticed a phantom
  2997 | D:4      | Got a warped dagger
  3018 | D:4      | Noticed a phantom
  3036 | D:4      | Found a staircase to the Ecumenical Temple.
  3059 | D:4      | Reached XP level 7. HP: 22/36 MP: 9/13
  3179 | D:4      | Found an iron altar of Okawaru.
  3181 | D:4      | Found an ancient bone altar of Kikubaaqudgha.
  3194 | Temple   | Entered the Ecumenical Temple
  3205 | Temple   | Became a worshipper of Vehumet
  3379 | D:4      | Noticed Blork the orc
  3389 | D:4      | Killed Blork the orc
  3887 | D:5      | Found a glowing golden altar of the Shining One.
  3966 | D:5      | Reached skill level 6 in Ice Magic
  4015 | D:5      | Reached skill level 1 in Fighting
  4106 | D:5      | Reached skill level 1 in Armour
  4182 | D:5      | Reached skill level 1 in Polearms
  4344 | D:5      | Reached XP level 8. HP: 39/43 MP: 15/15
  4615 | D:5      | Reached * piety under Vehumet
  4615 | D:5      | Offered knowledge of Shock by Vehumet.
  5182 | D:6      | Killed Sigmund
  5182 | D:6      | Reached skill level 5 in Spellcasting
  5338 | D:6      | Found a shattered altar of Ashenzari.
  5583 | D:6      | Learned a level 4 spell: Hailstorm
  5934 | D:6      | Found a runed translucent door.
  5935 | D:6      | Noticed Crazy Yiuf
  5943 | D:6      | Killed Crazy Yiuf
  6003 | D:7      | Reached XP level 9. HP: 50/50 MP: 12/16
  6078 | D:7      | Got a smoking flail
  6079 | D:7      | Identified the +9 dagger of Abuse {vorpal, Fragile rF+ rC+
                  | Int+2} (You found it on level 4 of the Dungeon)
  6080 | D:7      | Identified the +6 flail "Belasutu" {elec, Int+3 SInv} (You
                  | found it on level 7 of the Dungeon)
  6124 | D:7      | Reached ** piety under Vehumet
  6126 | D:7      | Offered knowledge of Foxfire by Vehumet.
  6126 | D:7      | Reached skill level 1 in Conjurations
  6178 | D:7      | Reached skill level 1 in Maces & Flails
  6705 | D:8      | Noticed a hornet
  6713 | D:8      | Killed a hornet
  6713 | D:8      | Reached skill level 7 in Ice Magic
  6723 | D:8      | Noticed Joseph
  6741 | D:8      | Killed Joseph
  6822 | D:8      | Found a bloodstained altar of Trog.
  6824 | D:8      | Offered knowledge of Stone Arrow by Vehumet.
  6829 | D:8      | Learned a level 3 spell: Stone Arrow
  7277 | D:9      | Noticed a hornet
  7279 | D:9      | Noticed a hornet
  7282 | D:9      | Killed a hornet
  7282 | D:9      | Reached skill level 1 in Earth Magic
  7282 | D:9      | Reached XP level 10. HP: 58/58 MP: 16/18
  7283 | D:9      | Reached skill level 1 in Shields
  7379 | D:9      | Reached *** piety under Vehumet
  7541 | D:9      | Noticed a cyclops
  7542 | D:9      | Noticed a cyan very ugly thing
  7542 | D:9      | Noticed a two-headed ogre
  7554 | D:9      | Noticed an unseen horror
  7740 | D:9      | Found a blossoming altar of Fedhas.
  7813 | D:9      | Found a sacrificial altar of Ru.
  8037 | D:10     | Entered Level 10 of the Dungeon
  8170 | D:10     | Offered knowledge of Fulminant Prism by Vehumet.
  8280 | D:10     | Noticed a queen ant
  8294 | D:10     | Killed a queen ant
  8294 | D:10     | Reached skill level 5 in Fighting
  8294 | D:10     | Reached skill level 5 in Armour
  8600 | D:10     | Reached **** piety under Vehumet
  8804 | D:10     | Reached skill level 5 in Summonings
  9448 | D:11     | Noticed a red ugly thing
  9462 | D:11     | Splashed by a brown ugly thing's acid

Levels and vault maps discovered:
D:1:      sevenhm_arrival_forest_fort_large_2, layout_loops_ring
D:2:      layout_rooms, grunt_dithmenos_smoke_and_mirrors
D:3:      minmay_inner_zag, layout_basic, lemuel_doored_altar, first_ration
D:4:      layout_loops_ring, tgw_xom,
          chequers_temple_overflow_statue_of_worship,
          minmay_temple_entry_stoned_glass, minmay_crystal_room,
          grunt_ministairs_11, uniq_blork_the_orc
D:5:      layout_basic, nicolae_tso_swordbearing_angel, gup_sewer_entry_spiral
D:6:      layout_basic, ashenzari_altar_1, uniq_crazy_yiuf_cottage, uniq_sigmund
D:7:      layout_loops_ring
D:8:      layout_rooms, kennysheep_mini, uniq_joseph
D:9:      layout_cave_pods, overflow_temple_1_default, basic_altar,
          hangedman_pestilent_swarm, onia_ninara_dug_in_and_dangerous
D:10:     layout_cave_pods, minmay_another_anthill
D:11:     layout_basic, lair_entry_dummy, uniq_erica
Temple:   dshaligram_water_room_temple

Skill      XL: |  1  2  3  4  5  6  7  8  9 10 |
---------------+-------------------------------+-----
Spellcasting   | 3 4 5 6 |  6.3
Charms         | 2 |  2.1
Ice Magic      | 5 6 7 |  7.8
Summonings     | 1 2 3 4 5 |  5.0
Fighting       | 1 3 4 5 |  5.3
Armour         | 1 3 4 5 |  5.2
Dodging        | 2 3 4 |  4.3
Polearms       | 1 2 |  2.5
Conjurations   | 2 4 |  4.0
Maces & Flails | 2 3 |  3.6
Earth Magic    | 1 3 |  3.2
Shields        | 2 |  2.9
Stealth        | |  2.1

Action                   |  1- 3 |  4- 6 |  7- 9 | 10-12 || total
-------------------------+-------+-------+-------+-------++-------
Melee: Club              |    32 |       |       |       ||    32
       Flail             |     4 |    51 |    78 |   139 ||   272
       Halberd           |       |       |   162 |       ||   162
Throw: Boomerang         |       |       |     4 |       ||     4
 Cast: Freeze            |    39 |    31 |    14 |     2 ||    86
       Frozen Ramparts   |     1 |     9 |    24 |    11 ||    45
       Stone Arrow       |       |       |       |     2 ||     2
       Ozocubu's Armour  |       |       |       |     1 ||     1
  Use: Scroll            |       |     7 |     3 |     1 ||    11
       Potion            |       |     1 |       |       ||     1
 Stab: Sleeping          |       |     1 |     2 |     2 ||     5
  Eat: Chunk             |     1 |     7 |     8 |     8 ||    24
       Ration            |       |       |     2 |     2 ||     4
Armor: Robe              |    23 |    36 |    13 |       ||    72
       Leather armour    |       |       |    94 |    78 ||   172
Dodge: Dodged            |    38 |    62 |   182 |    93 ||   375

Table legend:
 A = Non-vault XP
 B = Vault XP
 C = Vault XP percentage of total XP
 D = Non-vault monster count
 E = Vault monster count
 F = Vault count percentage of total count
                 A         B        C        D         E       F
            +---------+---------+-------+---------+---------+-------
      Total |    5998 |    2829 |  32.0 |     204 |      35 |  14.6
            +---------+---------+-------+---------+---------+-------
        D:1 |      66 |       0 |   0.0 |      25 |       0 |   0.0
        D:2 |      49 |       0 |   0.0 |      16 |       0 |   0.0
        D:3 |     159 |      14 |   8.1 |      24 |       7 |  22.6
        D:4 |     263 |     110 |  29.5 |      12 |       4 |  25.0
        D:5 |     499 |      16 |   3.1 |      24 |       7 |  22.6
        D:6 |     817 |     268 |  24.7 |      21 |       2 |   8.7
        D:7 |     903 |       0 |   0.0 |      24 |       0 |   0.0
        D:8 |     725 |     445 |  38.0 |      11 |       1 |   8.3
        D:9 |     814 |     645 |  44.2 |      18 |       4 |  18.2
       D:10 |    1485 |    1331 |  47.3 |      26 |      10 |  27.8
       D:11 |     218 |       0 |   0.0 |       3 |       0 |   0.0
            +---------+---------+-------+---------+---------+-------
